AoeStats
← isnaldojr

Arabia

507854295Analyzed
1v1 RM · 12d ago on Sep 19, 2026· 48m 42s· 2 players
Game mode
Random Map
Map size
Tiny (2 player)
Population
200
Speed
Normal
Resources
Standard
Victory
Conquest
Starting age
Dark Age
Ending age
Imperial Age
RankedLock teamsTeams togetherTeam positionsShared explorationLock speedFull tech treeHidden civsTurbo modeCheats
Victory
Defeat
🇧🇷 Hindustanis · Brazil
1016
+17
🇪🇸 Koreans · Spain
1029
-17
isnaldojr
7:51 Loom
9:54 Feudal Age
10:51 Double-Bit Axe
22:39 Castle Age
20:21 Horse Collar
20:49 Gold Mining
25:25 Bow Saw
25:45 Heavy Plow
27:14 Wheelbarrow
27:41 Scale Mail Armor
32:14 Chain Mail Armor
33:37 Forging
34:57 Iron Casting
37:18 Imperial Age
35:04 Squires
34:51 Arson
36:49 Bloodlines
36:40 Husbandry
36:05 Pikeman
37:43 Heavy Camel Rider
37:58 Elite Ghulam
40:13 Elite Ghulam
42:29 Chemistry
41:50 Ballistics
41:54 Conscription
42:43 Blast Furnace
ouferrat
6:42 Loom
9:41 Feudal Age
10:19 Double-Bit Axe
10:30 Stone Mining
13:51 Fletching
15:57 Horse Collar
18:27 Gold Mining
19:24 Wheelbarrow
23:09 Castle Age
24:31 Bow Saw
24:23 Heavy Plow
24:59 Stone Shaft Mining
24:20 Bodkin Arrow
32:21 Gold Shaft Mining
36:25 Imperial Age
34:16 Hand Cart
34:39 Masonry
34:50 Ballistics
38:10 Two-Man Saw
37:13 Bracer
37:46 Architecture
38:17 Chemistry
39:11 Murder Holes
44:50 Elite War Wagon
Connection lost

Rejoining the realm…

Still unreachable

The connection could not be restored.

Session expired

The server has moved on; the page needs a fresh start.